[Event "American Cup Champions 2022"]
[Site "Saint Louis"]
[Date "2022.04.20"]
[Round "1.1"]
[White "Aronian, Levon"]
[Black "Robson, Ray"]
[Result "1-0"]
[ECO "A13"]
[WhiteElo "2772"]
[BlackElo "2676"]
[Annotator "TA"]
[PlyCount "103"]
[EventDate "2022.04.20"]
[EventType "k.o."]
[EventCountry "USA"]
[SourceTitle "playchess.com"]
[Source "ChessBase"]
[SourceQuality "1"]
[TimeControl "5400+30"]

1. c4 e6 2. g3 d5 3. Bg2 d4 4. Nf3 c5 5. O-O Nc6 6. e3 Nf6 7. exd4 cxd4 8. d3 Bd6 {[%emt 0:01:10] A13: English Opening: 1...e6.} 9. Bg5 h6 10. Bxf6 Qxf6 {[%emt 0:00:09] The position is equal.} 11. Nbd2 Qe7 12. Re1 O-O 13. Nb3 Qf6 14. Nfd2 Bc7 15. a3 a5 16. Nc5 Qe7 17. Na4 Bd7 18. Nb3 {[%emt 0:05:58] [#]} b6 $146 (18... Rfb8 $11) ({Predecessor:} 18... Rfd8 19. Nbc5 Bc8 20. b4 axb4 21. axb4 Nxb4 22. Nxb7 Bxb7 23. Bxb7 Ra5 24. Be4 Qe8 25. Re2 Rb8 26. Nb2 Na2 27. Na4 Nb4 28. Nb2 Na2 29. Na4 Nb4 {½-½ (29) Lubbe,N (2427)-Can,E (2569) Reykjavik 2021}) 19. Bxc6 $14 Bxc6 20. Nxd4 Bb7 21. Nb5 Qd7 22. Qe2 Rad8 23. d4 Qc6 {[%emt 0:06:31][%csl Gb7][%cal Rc6h1] [#] Prevents f3.} 24. f3 $1 Rd7 25. Kg2 $1 ({But not} 25. Nxc7 Qxa4 26. Nb5 Ba6 $15) 25... Bd8 26. Nac3 Bf6 27. Rad1 Qc8 28. d5 Bxc3 29. Nxc3 exd5 30. Nxd5 Bxd5 31. Rxd5 ({Don't play} 31. cxd5 Rfd8 $11) 31... Rfd8 32. Qe4 b5 {[%emt 0:01:51] [#]} ({Black should try} 32... Rxd5 33. cxd5 Qd7) 33. Rxd7 $1 $16 {[%emt 0:01:29] 0x0.0023821a128edp-1022s more active pieces.} ({Don't take} 33. Rxb5 $6 Rd4 34. Qe3 Qxc4 $14) 33... Qxd7 {[%emt 0:00:27][%mdl 4096] Endgame KQR-KQR} 34. c5 b4 35. axb4 axb4 {[%emt 0:00:53][%mdl 8192] Black cannot hold the game after this.} (35... Qd2+ $16 36. Re2 Qxb4) 36. Qxb4 $18 Qd2+ $2 (36... Qd5 37. Re2 Qd3) 37. Qxd2 {[%emt 0:00:06] White is clearly winning.} Rxd2+ {[%emt 0:00:06] KR-KR} 38. Kh3 {[%emt 0:00:05] And now Rc1 would win.} Rxb2 39. Rc1 {[%emt 0:00:04] Inhibits Rc2. Strongly threatening c6.} Kf8 40. c6 {[%emt 0:01:22][%cal Bc5c6,Bc6c7][%mdl 32] White threatens c7 and mate.} Rb8 41. Kg4 Ke7 42. c7 Rc8 43. Kh5 Kf6 44. Rc6+ Ke5 45. f4+ Kd5 46. Rc1 Kd6 47. f5 Ke5 48. g4 Kf6 49. Rc6+ Ke7 50. f6+ Kd7 51. Rc2 gxf6 52. Kxh6 {[%emt 0:00:13] Weighted Error Value: White=0.02 (flawless) /Black=0.29 (precise)} 1-0

[Event "American Cup Champions 2022"]
[Site "Saint Louis"]
[Date "2022.04.20"]
[Round "1.2"]
[White "Dominguez Perez, Leinier"]
[Black "Shankland, Sam"]
[Result "1/2-1/2"]
[ECO "C54"]
[WhiteElo "2752"]
[BlackElo "2708"]
[Annotator "TA"]
[PlyCount "64"]
[EventDate "2022.04.20"]
[EventType "k.o."]
[EventCountry "USA"]
[SourceTitle "playchess.com"]
[Source "ChessBase"]
[SourceQuality "1"]
[TimeControl "5400+30"]

1. e4 e5 2. Nf3 Nc6 3. Bc4 Bc5 4. c3 Nf6 5. d3 O-O 6. O-O d5 7. exd5 Nxd5 8. Re1 Bg4 9. h3 {[%emt 0:00:25] 9.Nbd2 deserves study. C54: Giuoco Piano: 4 c3 Nf6, main lines with 5 d4 and 5 d3.} Bh5 10. a4 a5 {[%emt 0:00:27] Against b4. The position is equal.} 11. Nbd2 Nb6 12. Bb3 Qxd3 13. Nxe5 Qf5 14. Nef3 $1 ({Not} 14. Ndf3 $2 Nxe5 15. Rxe5 Qxe5 16. Nxe5 Bxd1 17. Bxd1 Rfe8 $19) 14... Rae8 15. g4 $1 Bxg4 16. hxg4 Qxg4+ 17. Kh1 {[%emt 0:00:09] next Rxe8 is good for White.} Bxf2 {[%emt 0:00:45] [#]} 18. Nh2 $1 {[%emt 0:01:34] [#]} Rxe1+ $146 {[%emt 0:00:09] [#]} ({Predecessor:} 18... Qxd1 19. Rxd1 Re2 20. Ndf3 Rfe8 {½-½ (20) Kadric,D (2573)-Tari,A (2653) Terme Catez 2022}) 19. Qxe1 $1 {[%emt 0:00:09] Really sharp!} Qg3 20. Qf1 {[%emt 0:00:28] aiming for Ne4.} Re8 {[%emt 0:00:26] Prevents Ne4.} 21. Ndf3 {[%emt 0:00:17] Inhibits Re1. Threatens to win with Bg5.} Ne5 $1 22. Qe2 Kf8 $1 $132 {[%emt 0:00:35][%mdl 2048] Black is not holding back} 23. Bd2 Ng4 24. Qf1 Ne3 25. Bxe3 Rxe3 26. Ng5 Qxg5 27. Qxf2 Qe7 28. Bxf7 {[%emt 0:20:14] Be6+ is the strong threat.} Re2 29. Qf3 Re3 30. Qf2 {[%emt 0:09:00] Black must now prevent Be6+.} Re2 31. Qf3 Re3 32. Qf2 {[%emt 0:00:05] Hoping for Be6+.} Re2 {[%emt 0:00:23] A balanced but interesting game.  Weighted Error Value: White=0.03 (flawless) /Black=0.02 (flawless)} 1/2-1/2

[Event "American Cup Champions 2022"]
[Site "Saint Louis"]
[Date "2022.04.21"]
[Round "1.2"]
[White "Shankland, Sam"]
[Black "Dominguez Perez, Leinier"]
[Result "1/2-1/2"]
[ECO "B44"]
[WhiteElo "2708"]
[BlackElo "2752"]
[Annotator "TA"]
[PlyCount "88"]
[EventDate "2022.04.20"]
[EventType "k.o."]
[EventCountry "USA"]
[SourceTitle "playchess.com"]
[Source "ChessBase"]
[SourceQuality "1"]
[TimeControl "5400+30"]

1. c4 c5 2. Nf3 Nf6 3. Nc3 Nc6 4. d4 cxd4 5. Nxd4 e6 6. e4 Bb4 7. Nxc6 bxc6 8. Bd3 e5 9. O-O O-O 10. Qc2 {[%emt 0:00:03] The position is equal. 10.h3 gains popularity.} Bc5 {[%emt 0:03:33] has lost popularity (10...d6). B44: Sicilian: Taimanov: 5 Nb5.} 11. Na4 Bd4 {[%emt 0:00:17] [#]} 12. Be3 $146 ({Predecessor:} 12. Bg5 h6 13. Bh4 d6 14. Kh1 g5 15. Bg3 Be6 16. Rad1 Rb8 17. b3 Qe7 18. Be2 {1-0 (43) Cajnko,L-Hocevar,B Maribor 2001}) 12... Bxe3 13. fxe3 d6 14. c5 Bg4 15. h3 Bh5 16. Rac1 dxc5 17. Nxc5 Qe7 18. Nb3 a5 19. Qc5 Qd8 20. Qc3 Re8 21. Nc5 h6 22. Bc2 Bg6 23. Rfd1 Qe7 24. Rd2 Reb8 25. a3 Kh7 26. Kh2 Rb5 27. Bd3 Rbb8 28. Bc2 Rb5 29. Ba4 Rxc5 30. Qxc5 Qxc5 31. Rxc5 Nxe4 32. Bxc6 Rc8 33. Bxe4 Rxc5 34. Rd5 Rxd5 35. Bxd5 $11 {[%emt 0:00:04][%mdl 4096] [#] Endgame Black must now prevent b4. KB-KB} Kg8 $1 36. b4 axb4 37. axb4 {[%emt 0:00:04] Strongly threatening b5.} Bd3 38. Kg3 Kf8 39. e4 Ke7 40. Kf2 f6 41. Ke3 Bf1 42. Kf2 Bd3 43. Ke3 Bf1 44. Kf2 Bd3 {[%emt 0:00:23] An even fight not without its subleties.  Weighted Error Value: White=0.01 (flawless) /Black=0.00 (flawless)} 1/2-1/2

[Event "American Cup Champions 2022"]
[Site "Saint Louis"]
[Date "2022.04.21"]
[Round "1.2"]
[White "Xiong, Jeffery"]
[Black "Caruana, Fabiano"]
[Result "1/2-1/2"]
[ECO "A30"]
[WhiteElo "2686"]
[BlackElo "2792"]
[Annotator "TA"]
[PlyCount "68"]
[EventDate "2022.04.20"]
[EventType "k.o."]
[EventCountry "USA"]
[SourceTitle "playchess.com"]
[Source "ChessBase"]
[SourceQuality "1"]
[TimeControl "5400+30"]

1. c4 c5 2. Nf3 Nf6 3. b3 d5 4. cxd5 Nxd5 5. Bb2 Nc6 {[%emt 0:00:16] The position is equal.} 6. Nc3 {[%emt 0:00:23] A30: Symmetrical English: Double Fianchetto and Hedgehog.} Nxc3 7. Bxc3 f6 8. e3 e5 9. Qc2 Be6 10. Bd3 g6 {[%emt 0:08:24] [#]} 11. Be4 $146 ({Predecessor:} 11. O-O Bg7 12. Bb5 Rc8 13. d4 cxd4 14. exd4 O-O 15. Qe2 a6 16. Bd3 Re8 17. dxe5 fxe5 18. Bc4 Nd4 19. Bxe6+ Nxe6 20. Rad1 Nd4 21. Bxd4 exd4 22. Qd2 Re6 {½-½ (22) Necula,I (2417)-Repanic,F (2371) ICCF email 2019}) 11... Rc8 12. Rd1 Bd6 13. O-O Qc7 14. Qb1 O-O 15. Rc1 Qf7 16. d4 exd4 17. exd4 c4 18. d5 Bxd5 19. Bxd5 Qxd5 20. Rcd1 Qe6 21. Rfe1 Be5 22. bxc4 Qxc4 23. Bxe5 Nxe5 24. Qxb7 Qxa2 25. Ra1 Qf7 26. Rxa7 Nxf3+ 27. gxf3 {[%emt 0:00:04] [#] Re7 would kill now.} Qxb7 28. Rxb7 $11 {[%emt 0:00:08][%mdl 4096] Endgame Black must now prevent Ree7. KRR-KRR} Rf7 29. Ree7 Rcf8 30. Rxf7 Rxf7 31. Rb8+ Rf8 32. Rb7 Rf7 33. Rb8+ Rf8 34. Rb7 Rf7 {[%emt 0:00:09] An interesting draw.  Weighted Error Value: White=0.03 (flawless) /Black=0.03 (flawless)} 1/2-1/2

[Event "American Cup Champions 2022"]
[Site "Saint Louis"]
[Date "2022.04.21"]
[Round "1.2"]
[White "Sevian, Samuel"]
[Black "So, Wesley"]
[Result "1/2-1/2"]
[ECO "D35"]
[WhiteElo "2684"]
[BlackElo "2772"]
[Annotator "TA"]
[PlyCount "74"]
[EventDate "2022.04.20"]
[EventType "k.o."]
[EventCountry "USA"]
[SourceTitle "playchess.com"]
[Source "ChessBase"]
[SourceQuality "1"]
[TimeControl "5400+30"]

1. d4 Nf6 2. c4 e6 3. Nc3 d5 4. cxd5 exd5 5. Bg5 c6 6. e3 Bf5 7. Qf3 Bg6 8. Bxf6 Qxf6 9. Qxf6 gxf6 10. Nge2 Nd7 {[%emt 0:00:58] D35: Queen's Gambit Declined: Exchange Variation.} 11. h4 Bd6 12. g3 {[%emt 0:02:08] [#]} Ke7 $146 ({Predecessor:} 12... Nb6 13. Nf4 Bxf4 14. gxf4 Bh5 15. Bd3 Ke7 16. Kd2 Rag8 17. Rhg1 Bf3 18. Rg3 Rxg3 19. fxg3 {½-½ (36) Georgiev,K (2689)-Mastrovasilis,A (2537) Golden Sands 2012}) 13. Nf4 Nb6 14. h5 Bf5 15. Bd3 Be6 16. h6 Rag8 17. O-O-O (17. Ke2 {is interesting.} Rg5 18. Rag1 Nc4 19. b3) 17... Nd7 18. Nh5 {[%emt 0:09:21] Pair of Knights!} Kd8 19. Ng7 Bf8 20. Nf5 (20. Nxe6+ fxe6 21. Ne2 Bd6 $11) (20. Ne2 {with more complications.} Bg4 21. Rh4 Bf3 22. Rf4) 20... Nb6 21. Ne2 Nc4 22. Rh4 Nd6 23. Nxd6 Bxd6 24. Nf4 Rg5 25. Nh5 f5 26. Ng7 Bf8 27. Rdh1 {[%emt 0:00:44] &Bianco is much more active. The black rooks are badly placed.} ({Of course not} 27. Nxe6+ $6 fxe6 28. Kd2 a6 $11) 27... Bxg7 28. hxg7 Rxg7 29. Rh5 Ke7 30. Bxf5 Bxf5 31. Rxf5 $16 {[%emt 0:00:04][%mdl 4096] Endgame KRR-KRR} Rg6 32. Kd2 h6 33. Rh4 Rf6 34. Re5+ Re6 35. Rf5 Rf6 36. Re5+ Re6 $1 37. Rf5 Rf6 {[%emt 0:00:14] Weighted Error Value: White=0.10 (very precise) /Black=0.04 (flawless)} 1/2-1/2

[Event "American Cup Champions 2022"]
[Site "Saint Louis"]
[Date "2022.04.21"]
[Round "1.2"]
[White "Robson, Ray"]
[Black "Aronian, Levon"]
[Result "1-0"]
[ECO "A29"]
[WhiteElo "2676"]
[BlackElo "2772"]
[Annotator "TA"]
[PlyCount "145"]
[EventDate "2022.04.20"]
[EventType "k.o."]
[EventCountry "USA"]
[SourceTitle "playchess.com"]
[Source "ChessBase"]
[SourceQuality "1"]
[TimeControl "5400+30"]

1. c4 Nf6 2. g3 e5 3. Bg2 d5 4. cxd5 Nxd5 5. Nc3 Nb6 6. Nf3 Nc6 7. O-O Be7 8. b3 O-O 9. Bb2 Re8 10. Rc1 Bf8 11. Ne4 a5 (11... f5 $11 12. Nc5 e4) 12. Rxc6 $1 $14 bxc6 13. Nxe5 Bb7 14. e3 (14. d4 $5 ) 14... f6 15. Nxc6 Qd7 16. Qc2 $1 Nd5 17. Rc1 a4 $1 18. bxa4 Re6 (18... Kh8 $1 $14) 19. Qb3 Rxc6 (19... Bxc6 $2 20. Rxc6 $1 Rxc6 21. Nxf6+ $1 gxf6 22. Qxd5+ Qxd5 23. Bxd5+ Re6 24. Bxe6+) 20. Nxf6+ Rxf6 21. Qxb7 Ra5 (21... Rd8 {might work better.}) 22. Bxf6 $18 Nxf6 23. Qb3+ Kh8 24. Qb8 Qd6 25. Rc6 (25. Rxc7 $6 Rxa4 26. Bf1 Ne4 $16) 25... Qb4 26. Qxb4 ({But not} 26. Qxc7 Qxd2 27. Bf3 Kg8 $11) 26... Bxb4 27. Rxc7 h5 28. d4 h4 29. gxh4 Kh7 30. Rc4 Be7 31. Bf3 Ra7 32. e4 Nd7 33. h5 Nb6 34. Rc6 Bd8 35. Bd1 Rc7 36. Rxc7 (36. Rxb6 Rc1 37. Rd6 Rxd1+ 38. Kg2 Bc7 $18) 36... Bxc7 37. Kg2 Kh6 38. e5 Nd5 39. Kf3 Nc3 40. Bb3 Kxh5 (40... Kg5 $142 41. Ke3 Kf5) 41. e6 $18 Bd6 42. Ke3 (42. a5 Kg5 43. a4 Kf6 $18) 42... Kg6 43. Kd3 Nb1 44. a5 Na3 (44... Kf6 $142 45. a6 Bb8) 45. Ba4 Kf6 46. a6 Bb8 47. d5 g5 48. h3 Ba7 49. f3 Ke7 50. Bc6 Bb6 51. Bd7 Ba7 52. Ba4 Bb6 (52... Bc5 $142 53. Ke4 Nc4) 53. Kc3 $18 Nb1+ 54. Kc2 Na3+ 55. Kc3 Nb1+ $1 56. Kb4 Kd6 57. e7 Kxe7 58. Kb5 Be3 $2 {[%emt 0:00:32] [#]} (58... Bd4) 59. Kc6 $1 $18 Nc3 (59... Kd8 $142 60. Bc2 (60. Kb7 Nc3 $14) 60... Nc3) 60. Bb3 $18 Kd8 61. a4 Kc8 {[%emt 0:00:32] [#]} 62. d6 $1 Bf2 63. Bc2 Be3 64. Bb3 Bf2 $1 65. a5 Kd8 66. Bc4 Na4 67. f4 gxf4 68. h4 Nc3 69. h5 Ne4 70. h6 Nf6 71. Bd3 Kc8 72. h7 Nxh7 73. d7+ 1-0

[Event "American Cup Champions 2022"]
[Site "Saint Louis"]
[Date "2022.04.20"]
[Round "1.3"]
[White "So, Wesley"]
[Black "Sevian, Samuel"]
[Result "0-1"]
[ECO "E48"]
[WhiteElo "2772"]
[BlackElo "2684"]
[Annotator "TA"]
[PlyCount "72"]
[EventDate "2022.04.20"]
[EventType "k.o."]
[EventCountry "USA"]
[SourceTitle "playchess.com"]
[Source "ChessBase"]
[SourceQuality "1"]
[TimeControl "5400+30"]

1. d4 Nf6 2. c4 e6 3. Nc3 Bb4 4. e3 O-O 5. Bd3 d5 6. cxd5 exd5 7. a3 {[%emt 0:00:09] E48: Nimzo-Indian: Rubinstein: 5 Bd3 d5 including 6 Ne2, but excluding 6 a3.} Bd6 8. Qc2 c6 9. Nge2 {[%emt 0:00:13] The position is equal.} Re8 10. Bd2 Nbd7 11. f3 c5 12. h4 {[%emt 0:00:34] [#] 12.0-0-0 is a critical line.} h5 $5 $146 {[%emt 0:16:07][%mdl 8] An interesting novelty.} ({Predecessor:} 12... c4 13. Bf5 Nf8 14. g4 Rb8 15. h5 h6 16. O-O-O b5 17. Rdg1 N8h7 18. f4 Bxf5 19. Qxf5 {1-0 (53) Predke,A (2682)-Donchenko,A (2636) Warsaw 2021}) 13. O-O-O a6 14. g4 hxg4 15. fxg4 Nxg4 16. h5 Nf8 (16... Nxe3 17. Bxe3 Rxe3 18. h6 Rxd3 19. Qxd3 Qg5+ 20. Qd2 Qxd2+ 21. Kxd2 $16) ({Black should play} 16... Ndf6 $15 17. Rdf1 Qe7) 17. Rdg1 (17. Rdf1 $1 $14) 17... Nf2 {[%emt 0:14:32] White must now prevent ...c4.} 18. dxc5 ({White should try} 18. h6 $11 g6 19. Rh5) 18... Be5 $15 {[%emt 0:06:18] Active counter play!} 19. h6 {[%emt 0:03:16] hxg7 is the strong threat.} g6 $36 {[%emt 0:00:09][%mdl 2048] Black has some pressure.} 20. h7+ Kh8 21. Rh6 (21. Rh5 $15) 21... Bg7 22. Rh2 Ng4 (22... Nxd3+ $17 23. Qxd3 Bf5 24. Qxd5 Qc7) 23. Rh3 $2 ({Only move:} 23. Rhh1 $1 $15) 23... Ne5 $19 24. Rhg3 Ne6 (24... Nxh7 25. e4 $11) 25. Nf4 Nxf4 ({Don't do} 25... Nxc5 26. Bxg6 fxg6 27. Rxg6 $18 (27. Nxg6+ Nxg6 28. Rxg6 Re7 $11)) 26. exf4 Nxd3+ 27. Qxd3 d4 28. Ne4 {[%emt 0:01:23] [#] Strongly threatening Nd6.} Qd5 29. Ng5 Qxc5+ ({Inferior is} 29... Bf5 30. Qb3 Qxb3 31. Rxb3 $17) 30. Kd1 Qd5 {[%emt 0:00:05] And now ...Bd7 would win.} 31. Qf3 Qa2 {[%emt 0:04:06] [#]} (31... Be6 $19 {Hoping for ...Qa2.} 32. Qxd5 Bxd5) 32. Nxf7+ $1 $11 {[%mdl 64] Remove Defender} Qxf7 {[%emt 0:00:04] Chess con chili.} 33. Rxg6 d3 $1 (33... Qa2 $2 34. Rxg7 Qb1+ 35. Bc1 $18) 34. Be3 $2 (34. Qxd3 $11 Bf5 35. Rxg7 Qh5+ 36. Kc1 Bxd3 37. Rc7) 34... Qb3+ $19 {[%emt 0:00:17] Black is clearly winning.} 35. Ke1 d2+ ({Not} 35... Qxb2 36. Rxg7 Qa1+ 37. Kf2 Qb2+ 38. Ke1 Qc1+ 39. Kf2 Qb2+ 40. Ke1 $11) 36. Kf2 d1=Q {[%emt 0:00:09] Weighted Error Value: White=0.37/Black=0.17 (very precise)} 0-1

[Event "American Cup Champions 2022"]
[Site "Saint Louis"]
[Date "2022.04.21"]
[Round "1.3"]
[White "Shankland, Sam"]
[Black "Dominguez Perez, Leinier"]
[Result "1/2-1/2"]
[ECO "A56"]
[WhiteElo "2708"]
[BlackElo "2752"]
[Annotator "TA"]
[PlyCount "104"]
[EventDate "2022.04.20"]
[EventType "k.o."]
[EventCountry "USA"]
[SourceTitle "playchess.com"]
[Source "ChessBase"]
[SourceQuality "1"]
[TimeControl "600+5"]

1. c4 c5 2. e3 Nf6 3. d4 cxd4 4. exd4 g6 5. Nc3 Bg7 6. d5 {[%emt 0:00:33] A56: Czech Benoni.} O-O 7. Nf3 e6 $1 {[%emt 0:00:02][%mdl 4] now scores much better than the old 7...d6.} 8. Be2 exd5 9. cxd5 d6 10. O-O Nbd7 11. Be3 Nc5 12. Rc1 {[%emt 0:00:27] [#]} Bd7 $146 ({Predecessor:} 12... a6 13. b4 Nfe4 14. Bd4 Nxc3 15. Rxc3 Ne4 16. Re3 Re8 17. Bxg7 Kxg7 18. Re1 Nf6 19. Rxe8 Nxe8 {½-½ (25) Janosi,E (2158)-Van der Ploeg,G (2283) LSS email 2009}) 13. Nd2 Re8 14. Nc4 Nce4 15. Nxe4 Nxe4 16. Bd4 Bb5 17. Re1 Bxc4 18. Bxc4 Rc8 19. Bxg7 Kxg7 20. Qd4+ Nf6 21. Bb3 ({Better is} 21. g3 $15) 21... Rxc1 22. Rxc1 Qa5 23. Kf1 {[%emt 0:00:28] Inhibits Qe1+.} Re4 24. Qc3 Qb5+ 25. Kg1 Re5 26. Qd4 (26. g3 $15 {is superior.}) 26... Qa5 {[%emt 0:00:03] ( -> ...Re1+)} 27. Kf1 {[%emt 0:00:12] Prevents Re1+.} h5 28. h3 g5 ({Don't play} 28... Nxd5 $6 29. Rd1 Nf6 30. Qxd6 $11) 29. Rc3 Nxd5 30. Rc1 Nf4 (30... Qb5+ $17 31. Qc4 Qd7) 31. Rd1 (31. Qxd6 $11 Qb5+ 32. Rc4) 31... Qb5+ $1 $17 32. Bc4 (32. Qc4 $17 {was called for.}) 32... Qc6 $1 $19 33. f3 {[%emt 0:00:05][%cal Oh3h4] [#]} Qc5 (33... h4 $1 $19 {and Black stays clearly on top. Strongly threatening ...f6.} 34. b3 b5) 34. h4 Qxd4 ({Black should try} 34... b5 $17 35. Qxc5 Rxc5) 35. Rxd4 $17 {[%emt 0:00:00][%mdl 4096] Endgame KRB-KRN} d5 36. hxg5 {[%emt 0:00:04] [#]} Nxg2 $1 37. Bb3 (37. Kxg2 dxc4) 37... Ne3+ ({Black should play} 37... Rxg5 $17 {...h4 is the strong threat.} 38. Kf2 b6 39. Bxd5 {[#]} Nh4 $1) 38. Kf2 $11 b6 39. Rd3 $1 Nc4 40. f4 Re4 ({Don't take} 40... Nxb2 41. Rd2 Re4 42. Rxb2 Rxf4+ 43. Ke3 Re4+ 44. Kf3 $16) 41. Kf3 b5 (41... Re1 $5 ) 42. Bxc4 (42. Rxd5 $5 Re3+ 43. Kf2 $16) 42... Rxc4 {[%emt 0:00:02] The position is equal.} 43. Rxd5 $14 {[%emt 0:00:03] KR-KR} a6 44. Rd6 a5 45. Rd5 Rb4 46. b3 a4 47. Rd3 axb3 48. axb3 Kg6 49. Rd6+ Kg7 50. Rd3 Kg6 51. Rd6+ Kg7 52. Rd3 Kg6 {[%emt 0:00:07] Weighted Error Value: White=0.18 (very precise) /Black=0.15 (very precise)} 1/2-1/2

[Event "American Cup Champions 2022"]
[Site "Saint Louis"]
[Date "2022.04.21"]
[Round "1.3"]
[White "Xiong, Jeffery"]
[Black "Caruana, Fabiano"]
[Result "1/2-1/2"]
[ECO "D00"]
[WhiteElo "2686"]
[BlackElo "2792"]
[Annotator "TA"]
[PlyCount "83"]
[EventDate "2022.04.20"]
[EventType "k.o."]
[EventCountry "USA"]
[SourceTitle "playchess.com"]
[Source "ChessBase"]
[SourceQuality "1"]
[TimeControl "600+5"]

1. d4 Nf6 2. Bg5 d5 3. e3 c5 4. Bxf6 gxf6 5. dxc5 Nc6 {[%emt 0:00:08] The position is equal.} 6. a3 {[%emt 0:00:03] D00: 1 d4 d5: Unusual lines.} e6 7. b4 a5 8. Nd2 axb4 9. axb4 Rxa1 10. Qxa1 Nxb4 11. Qa4+ Nc6 {[%emt 0:00:01] [#]} 12. Nb3 $146 ({Predecessor:} 12. Bb5 Bd7 13. Nb3 Qc7 14. Ne2 Be7 15. O-O O-O 16. Ng3 Ne5 17. Nh5 Bxb5 18. Qxb5 {½-½ (31) Caron,S (2411)-Sherwood,R (2416) ICCF email 2021}) 12... Bg7 13. Bb5 Bd7 14. Ne2 O-O 15. O-O f5 16. c4 dxc4 17. Qxc4 Qc7 18. Qa4 Rd8 19. Nf4 $1 Ne5 20. Rb1 Ng4 21. h3 Nf6 22. Bxd7 Rxd7 23. Qa8+ Rd8 24. Qa5 Qe7 25. Nd4 Rc8 26. Nd3 {[%emt 0:00:08] Hoping for Qa7.} Ne4 27. Qa7 {[%emt 0:00:11][%cal Oc5c6] Black must now prevent c6!} Nxc5 28. Rc1 Bf8 29. Rxc5 Rxc5 30. Nxc5 Qxc5 31. Qxb7 f4 32. Qf3 fxe3 33. Qxe3 Bg7 34. Nf3 Qxe3 35. fxe3 $11 {[%emt 0:00:02][%mdl 4096] Endgame KB-KN} f5 36. g4 Kf7 37. Kf2 Kg6 38. Nh4+ Kg5 39. Nf3+ Kg6 40. Nh4+ Kg5 41. Nf3+ Kg6 42. Nh4+ {[%emt 0:00:02] An even fight not without its subleties.  Weighted Error Value: White=0.01 (flawless) /Black=0.01 (flawless)} 1/2-1/2

[Event "American Cup Champions 2022"]
[Site "Saint Louis"]
[Date "2022.04.21"]
[Round "1.3"]
[White "Robson, Ray"]
[Black "Aronian, Levon"]
[Result "0-1"]
[ECO "A29"]
[WhiteElo "2676"]
[BlackElo "2772"]
[Annotator "TA"]
[PlyCount "96"]
[EventDate "2022.04.20"]
[EventType "k.o."]
[EventCountry "USA"]
[SourceTitle "playchess.com"]
[Source "ChessBase"]
[SourceQuality "1"]
[TimeControl "600+5"]

1. c4 Nf6 2. g3 e5 3. Bg2 d5 4. cxd5 Nxd5 5. Nc3 Nb6 6. Nf3 Nc6 7. O-O Be7 8. b3 O-O 9. Bb2 Re8 {[%emt 0:00:01] A29: English Opening: Four Knights Variation with 4 g3.} 10. Rc1 Bf5 11. d3 {[%emt 0:01:28] Prevents e4.} Qd7 {[%emt 0:00:02] The position is equal.} 12. Ne4 f6 13. Qc2 Bh3 14. Rfd1 Bxg2 15. Kxg2 Qe6 16. d4 exd4 17. Nxd4 Nxd4 18. Rxd4 ({Much weaker is} 18. Bxd4 Ba3 19. Nc5 Qc6+ 20. e4 Bxc1 21. Rxc1 Nd7 22. Nxd7 Qxd7 23. Qc4+ Kh8 $19) 18... Rad8 {[%emt 0:00:02] [#]} 19. Rcd1 $146 ({Predecessor:} 19. Rxd8 Rxd8 20. Nc3 Nd5 21. Rd1 {½-½ (21) Sikorsky,H (2529)-Mende,I (2440) ICCF email 2018}) 19... Rxd4 20. Rxd4 c5 21. Rd2 ({But not} 21. Nxc5 $2 Qc6+ 22. Qe4 Bxc5 $19) 21... c4 22. Nc3 Bb4 23. Kg1 (23. bxc4 $11 Nxc4 24. Rd4) 23... Rc8 $1 $15 24. Rd4 $2 {[%emt 0:02:04][%mdl 8192] White does not recover from this.} (24. e4 $1 $15) 24... cxb3 $19 25. Qe4 (25. axb3 Bxc3 26. Bxc3) 25... Qxe4 26. Nxe4 {[%emt 0:00:01] [#]} bxa2 $1 27. Rxb4 {[%emt 0:00:02] Black must now prevent Nc3.} Rc2 {[%emt 0:00:02][%cal Oc2b2] Threatens to win with ...Rxb2!} 28. Bd4 f5 29. Ng5 Rd2 {[%emt 0:00:02][%cal Od2d4] Strongly threatening ...Rxd4!} 30. Bc3 Rd1+ 31. Kg2 {[%emt 0:00:02] [#]} h6 $1 32. Ne6 $2 (32. Rb3 Rc1 33. Bd4) 32... Nd5 $1 33. Rxb7 {[%emt 0:00:05] And now Be5 would win.} Nxc3 34. Rxg7+ {[%emt 0:00:05][%mdl 4096] Endgame KRN-KRN} Kh8 35. Rxa7 a1=Q 36. Rxa1 Rxa1 37. Nd4 Kh7 38. Kf3 Kg6 39. h4 h5 40. Ne6 Nd5 41. Nd4 Kf6 42. e3 Ra2 43. Ne2 Rd2 44. Ng1 Ke5 45. Nh3 Nf6 46. Ng1 Ng4 47. Nh3 Ra2 48. Kg2 Nxe3+ {[%emt 0:00:07] Weighted Error Value: White=1.06/Black=0.25 (precise)} 0-1